Cogmind - Beta 11 X8 @@@ ROGUE MODE // 2021.11.09 @ 17:25:10 Player: Runia Result: Destroyed by 8R-AWN with 8R-AWN's Boregun Performance ------------- Evolutions (1) 500 Regions Visited (5) 1000 Robots Destroyed (77) 385 Value Destroyed (1702) 1702 Prototype IDs (25) 500 Alien Tech Used (0) 0 Bonus (333) 333 TOTAL SCORE: 4420 Bonus ------- High Alert Combat Kills 33 Aligned with FarCom 300 Cogmind --------- Core Integrity 0/400 Matter 326/700 Energy 100/100 System Corruption 0% Temperature Cool (0) Movement Core (600) Ox11 Location -9/Exiles Parts ------- > --- POWER (1) -------- (None) > --- PROPULSION (2) --- (None) > --- UTILITY (4) ------ Large Storage Unit High-capacity Matter Pod High-capacity Matter Pod > --- WEAPON (2) ------- Heavy Assault Rifle Heavy Assault Rifle > --- INVENTORY (15) --- Medium Matter Pod (0) Rocket Launcher Rocket Launcher Peak State ------------ > --- POWER ------------ Improved Ion Engine > --- PROPULSION ------- Advanced Treads Advanced Treads > --- UTILITY ---------- Large Storage Unit Transport Network Coupler Medium Armor Plating Medium Armor Plating > --- WEAPON ----------- Minigun Minigun > --- INVENTORY -------- Fission Core Light Fission Core Light Fission Core Advanced Treads Advanced Treads Cooling System Improved Terrain Scan Processor Heavy Assault Rifle Heavy Assault Rifle Heavy Assault Rifle Minigun Minigun Rocket Launcher Rocket Launcher Plasma Cutter [Rating: 24] Favorites ----------- Power Improved Ion Engine Engine Improved Ion Engine Propulsion Advanced Treads Treads Advanced Treads Leg Aluminum Leg Utility Large Storage Unit Storage Large Storage Unit Processor Transport Network Coupler Protection Medium Armor Plating Weapon Assault Rifle Ballistic Gun Assault Rifle Launcher Rocket Launcher Special Weapon Plasma Cutter Build | -11 -10 -10 -9 -9 -9 ------- Run | Scr Mat Min Mat Min Exi Slots Evolved 2 | . . . 2 . . Power . | . . . . . . Propulsion . | . . . . . . Utility 2 | . . . 2 . . Weapon . | . . . . . . Parts Attached 74 | 2 19 2 30 8 13 Power 5 | . 2 . 2 1 . Engine 5 | . 2 . 2 1 . Core . | . . . . . . Reactor . | . . . . . . Propulsion 10 | 2 3 . 2 1 2 Treads 10 | 2 3 . 2 1 2 Leg . | . . . . . . Wheel . | . . . . . . Hover . | . . . . . . Flight . | . . . . . . Utility 15 | . 2 . 9 2 2 Device . | . . . . . . Storage 3 | . 1 . . . 2 Processor 1 | . . . 1 . . Hackware . | . . . . . . Protection 11 | . 1 . 8 2 . Artifact . | . . . . . . Weapon 44 | . 12 2 17 4 9 Energy Gun . | . . . . . . Energy Cannon . | . . . . . . Ballistic Gun 26 | . 7 1 9 2 7 Ballistic Cannon . | . . . . . . Launcher 17 | . 5 1 8 2 1 Special Weapon 1 | . . . . . 1 Impact Weapon . | . . . . . . Slashing Weapon . | . . . . . . Piercing Weapon . | . . . . . . Special Melee Weapon . | . . . . . . Unidentified Prototypes . | . . . . . . Parts Lost 18 | . 1 . 1 4 12 Power 2 | . . . . 1 1 Propulsion 4 | . . . . . 4 Utility 5 | . . . 1 2 2 Weapon 7 | . 1 . . 1 5 Highest Loss Streak 11 | . 1 . 1 4 11 Average Slot Usage (%) 95 | . 89 100 96 95 96 Engine 11 | . 14 14 11 9 10 Treads 24 | . 28 28 22 22 21 Storage 12 | . 14 14 11 11 13 Processor 3 | . . . 1 11 9 Protection 18 | . 3 14 28 19 19 Ballistic Gun 23 | . 27 27 21 21 21 Naked Turns . | . . . . . . Heaviest Build 52 | 13 32 32 50 47 52 Greatest Support 44 | 40 40 40 44 44 44 Greatest Overweight (x) 1 | . . . 1 1 1 Average Overweight (x) . | . . . . . 1 Largest Inventory Capacity 15 | 8 15 15 15 15 15 Average Capacity 14 | 8 13 15 15 15 15 Most Carried 15 | 5 9 10 15 15 15 Average Carried 11 | 3 6 9 14 12 13 Final Capacity 15 | 8 15 15 15 15 15 Final Carried 15 | 2 7 10 15 12 3 Class Distribution -------------------- 100% | Mutant Dominant Class ---------------- Mutant | -10/Materials Mutant | -10/Mines Mutant | -9/Materials Mutant | -9/Mines Mutant | -9/Exiles Resources | -11 -10 -10 -9 -9 -9 ----------- Run | Scr Mat Min Mat Min Exi Matter Collected 2225 | 200 497 57 779 236 456 Remotely . | . . . . . . Salvage Created 2095 | . 620 76 1237 152 10 Parts 147 | . 31 5 105 6 . Haulers Intercepted 7 | . 2 . 5 . . Recyclers Shooed 2 | . . . 2 . . Parts Field Recycled . | . . . . . . Retrieved Matter . | . . . . . . Parts Self-Destructed . | . . . . . . Prevented . | . . . . . . Kills | -11 -10 -10 -9 -9 -9 ------- Run | Scr Mat Min Mat Min Exi Combat Hostiles Destroyed 60 | . 13 2 33 10 2 Guns 24 | . 6 1 13 4 . AOE 36 | . 7 1 20 6 2 Classes Destroyed 12 | . 4 . 5 3 . Worker 7 | . 3 . 3 1 . Builder 7 | . 2 . 5 . . Tunneler 1 | . . . 1 . . Hauler 7 | . 2 . 5 . . Recycler 2 | . . . 2 . . Watcher 1 | . . . 1 . . Swarmer 15 | . . . 15 . . Grunt 29 | . 13 2 12 2 . Duelist 1 | . . . . 1 . Sentry 6 | . . . 6 . . Demolisher 1 | . . . . 1 . Assembled 8 | . . . . 6 2 Best Kill Streak 12 | . 5 3 12 5 2 Combat Bots Only 8 | . 3 2 8 5 2 Max Kills in Single Turn 5 | . 3 1 5 4 1 Gunslinging . | . . . . . . Exploded 4 | . 2 1 3 4 1 Melee . | . . . . . . Uniques/NPCs Destroyed . | . . . . . . Combat | -11 -10 -10 -9 -9 -9 -------- Run | Scr Mat Min Mat Min Exi Damage Taken 3795 | . 695 67 898 703 1432 Core 519 | . 84 16 75 69 275 Absorbed by Shields . | . . . . . . Core Remaining (%) 80 | 100 . 60 . . . Volleys Fired 198 | . 71 2 65 16 44 Largest 2 | . 2 2 2 2 2 Hottest 50 | . 40 40 50 50 50 Shots Fired 353 | . 135 3 107 26 82 Gun 303 | . 128 2 84 20 69 Cannon . | . . . . . . Launcher 41 | . 7 1 23 6 4 Special 9 | . . . . . 9 Kinetic 303 | . 128 2 84 20 69 Thermal 9 | . . . . . 9 Explosive 41 | . 7 1 23 6 4 Electromagnetic . | . . . . . . Robot Hit Streak 18 | . 8 7 8 5 18 Robot Miss Streak 3 | . 3 . 3 3 3 Penetration Max . | . . . . . . Secondary Targets 3 | . 1 . 1 1 . Max Gunslinging Chain 1 | . 1 . 1 1 . Shots Hit Robots 235 | . 88 3 66 12 66 Core Hits 145 | . 37 3 70 19 16 Critical Kills . | . . . . . . Critical Parts Destroyed . | . . . . . . Critical Strikes . | . . . . . . Melee Attacks . | . . . . . . Impact . | . . . . . . Slashing . | . . . . . . Piercing . | . . . . . . Sneak Attacks . | . . . . . . Combat Hostiles . | . . . . . . Follow-up Attacks . | . . . . . . Damage Inflicted 6716 | . 1431 96 3378 746 1065 Guns 3076 | . 966 24 915 222 949 Cannons . | . . . . . . Explosions 3634 | . 465 72 2463 524 110 Melee . | . . . . . . Ramming . | . . . . . . Kinetic 3076 | . 966 24 915 222 949 Thermal 6 | . . . . . 6 Explosive 3634 | . 465 72 2463 524 110 Electromagnetic . | . . . . . . Impact . | . . . . . . Slashing . | . . . . . . Piercing . | . . . . . . Highest Corruption . | . . . . . . Average Corruption . | . . . . . . Corruption Purged . | . . . . . . Overload Shots . | . . . . . . Overflow Damage 130 | . . . 99 31 . Projectiles . | . . . . . . Explosions 130 | . . . 99 31 . Melee . | . . . . . . Knockbacks . | . . . . . . Impact . | . . . . . . Kinetic . | . . . . . . Secondary . | . . . . . . Self-Inflicted Damage 320 | . 50 40 104 93 33 Shots 10 | . 2 1 3 3 1 Rammed . | . . . . . . Targets Rammed . | . . . . . . Kicked . | . . . . . . Crushed . | . . . . . . Highest Temperature 206 | . 18 . 206 40 9 Average Temperature 37 | . 7 . 45 19 9 Received Heat Transfer 709 | . 363 15 285 46 . Siege Activations . | . . . . . . Robots Corrupted . | . . . . . . Combat Hostiles . | . . . . . . Parts Fried . | . . . . . . Impact Corruptions . | . . . . . . Robots Melted . | . . . . . . Combat Hostiles . | . . . . . . Parts Melted . | . . . . . . Heat Transferred 54 | . . . . . 54 Parts Sabotaged . | . . . . . . Parts Stolen . | . . . . . . Parts Stripped . | . . . . . . Power Chain Reactions . | . . . . . . Missiles Intercepted . | . . . . . . Alert | -11 -10 -10 -9 -9 -9 ------- Run | Scr Mat Min Mat Min Exi Peak Influence 612 | . 257 122 612 341 . Initial 238 | . . 57 . 238 . Average 165 | . 120 43 244 290 . Maximum Alert Level 2 | . 1 . 2 1 . Low Security (%) 68 | 100 78 100 56 18 . Level 1 23 | . 21 . 23 81 . Level 2 7 | . . . 19 . . Level 3 . | . . . . . . Level 4 . | . . . . . . Level 5 . | . . . . . . High Security . | . . . . . . Max Security . | . . . . . . Squads Dispatched 7 | . 4 . 3 . . Investigation 1 | . 1 . . . . Extermination . | . . . . . . Reinforcement 6 | . 3 . 3 . . Assault . | . . . . . . Garrison . | . . . . . . Intercept . | . . . . . . Construction Impeded . | . . . . . . Haulers Reinforced . | . . . . . . Active Scanning Responses . | . . . . . . Cargo Convoy Interrupts . | . . . . . . Stealth | -11 -10 -10 -9 -9 -9 --------- Run | Scr Mat Min Mat Min Exi Distress Signals 7 | . 2 . 4 1 . Communications Jammed . | . . . . . . Distress Signals . | . . . . . . Times Spotted 95 | . 30 2 42 13 8 Peak Tracking Total 10 | . 5 2 7 6 10 Tactical Retreats 1 | . . . . . 1 Traps | -11 -10 -10 -9 -9 -9 ------- Run | Scr Mat Min Mat Min Exi Traps Triggered 1 | . 1 . . . . Indirectly . | . . . . . . Trap Hack Attempts . | . . . . . . Triggered . | . . . . . . Disarmed . | . . . . . . Reprogrammed . | . . . . . . Reused . | . . . . . . Traps Extracted . | . . . . . . Installed . | . . . . . . Triggered . | . . . . . . Exploded 3 | . . . . . 3 Machines | -11 -10 -10 -9 -9 -9 ---------- Run | Scr Mat Min Mat Min Exi Machines Disabled 8 | . 1 . 3 . 4 Max in Single Turn 1 | . 1 . 1 . 1 Machines Sabotaged . | . . . . . . Garrisons Compromised . | . . . . . . Overloaded Fab Kills . | . . . . . . Hacking | -11 -10 -10 -9 -9 -9 --------- Run | Scr Mat Min Mat Min Exi Machines Accessed 13 | . 4 1 5 1 2 Terminals 9 | . 4 1 3 1 . Fabricators . | . . . . . . Repair Stations 2 | . . . 2 . . Recycling Units . | . . . . . . Scanalyzers . | . . . . . . Garrison Access . | . . . . . . Total Hacks 32 | . 14 3 10 3 2 Successful 22 | . 10 1 7 2 2 Failed 9 | . 4 1 3 1 . Catastrophic 2 | . 1 . . 1 . Database Lockouts 1 | . . 1 . . . Manual 12 | . 5 3 . 3 1 Terminals 25 | . 14 3 5 3 . Fabricators . | . . . . . . Repair Stations 5 | . . . 5 . . Recycling Units . | . . . . . . Scanalyzers . | . . . . . . Garrison Access . | . . . . . . Terminal Hacks 17 | . 9 1 4 1 2 Record 1 | . . . . . 1 Part Schematic 1 | . 1 . . . . Robot Analysis 1 | . 1 . . . . Prototype ID Bank 1 | . . 1 . . . Branch Access Points 3 | . 1 . 1 1 . Emergency Access Points 1 | . 1 . . . . Terminal Index 2 | . 1 . 1 . . Alert Level 1 | . 1 . . . . Hauler Manifests 3 | . 1 . 2 . . Zone Layout 2 | . 2 . . . . EX-Prototype ID Bank 1 | . . . . . 1 Fabricator Hacks . | . . . . . . Repair Station Hacks 3 | . . . 3 . . Scan Component 2 | . . . 2 . . Repair 1 | . . . 1 . . Recycling Unit Hacks . | . . . . . . Scanalyzer . | . . . . . . Garrison Access Hacks . | . . . . . . Unauthorized Hacks 2 | . 1 . . 1 . Terminals 2 | . 1 . . 1 . Track 1 | . . . . 1 . Operators 1 | . 1 . . . . Fabricators . | . . . . . . Repair Stations . | . . . . . . Recycling Units . | . . . . . . Scanalyzers . | . . . . . . Garrison Access . | . . . . . . Data Cores Recovered . | . . . . . . Used . | . . . . . . Hacking Detections 7 | . 3 . 3 1 . Full Trace Events . | . . . . . . Feedback Events . | . . . . . . Feedback Blocked . | . . . . . . Robot Schematics Acquired . | . . . . . . Robots Built . | . . . . . . Authchips . | . . . . . . Time . | . . . . . . Total Robot Build Rating . | . . . . . . Part Schematics Acquired 1 | . 1 . . . . Parts Built . | . . . . . . Authchips . | . . . . . . Time . | . . . . . . Total Part Build Rating . | . . . . . . Parts Repaired 1 | . . . 1 . . Time 32 | . . . 32 . . Parts Recycled . | . . . . . . Recycled Matter . | . . . . . . Retrieved Matter . | . . . . . . Retrieved Components . | . . . . . . Parts Scanalyzed . | . . . . . . Part Schematics Acquired . | . . . . . . Parts Damaged . | . . . . . . Bothacking | -11 -10 -10 -9 -9 -9 ------------ Run | Scr Mat Min Mat Min Exi Used RIF Installer . | . . . . . . Robots Hacked . | . . . . . . Non-combat . | . . . . . . Combat . | . . . . . . Robot Hacks Applied . | . . . . . . Relay Couplers Released . | . . . . . . Fabnet Peak Effective % . | . . . . . . Robots Rewired . | . . . . . . Allies Hacked . | . . . . . . Hacks Repelled . | . . . . . . Allies | -11 -10 -10 -9 -9 -9 -------- Run | Scr Mat Min Mat Min Exi Total Allies . | . . . . . . Largest Group . | . . . . . . Highest-Rated Group . | . . . . . . Highest-Rated Ally . | . . . . . . Total Orders . | . . . . . . Ally Attacks . | . . . . . . Total Damage . | . . . . . . Kills . | . . . . . . Allies Corrupted . | . . . . . . Allies Melted . | . . . . . . Intel | -11 -10 -10 -9 -9 -9 ------- Run | Scr Mat Min Mat Min Exi Robot Analysis Total 1 | . 1 . . . . Derelict Logs Recovered 2 | . . 2 . . . Drone Launches . | . . . . . . Drone Recoveries . | . . . . . . Exploration | -11 -10 -10 -9 -9 -9 ------------- Run | Scr Mat Min Mat Min Exi Turns Passed 5477 | 5 1050 1113 1579 491 1239 Spaces Moved 2507 | 1 496 683 644 213 470 Core . | . . . . . . Treads 2507 | 1 496 683 644 213 470 Legs . | . . . . . . Wheels . | . . . . . . Hover . | . . . . . . Flight . | . . . . . . Fastest Speed 145 | 160 160 160 145 145 225 Average Speed 186 | 160 160 160 201 208 225 Slowest Speed 225 | 160 160 160 225 225 225 Overloaded Moves . | . . . . . . Propulsion Burnouts . | . . . . . . Robots Hopped . | . . . . . . Cave-ins Triggered . | . . . . . . Exploration Rate (%) 58 | 2 85 99 56 40 70 Regions Visited 5 Branch Regions 3 Pre-discovered Areas 2 | . . 1 . . 1 Known Exits Taken 2 | . 1 . 1 . . Unknown Exits Taken 3 | 1 . 1 . 1 . Scrap Searched 1 | . . 1 . . . Spaces Dug 9 | . . . . 9 . Terrain Destroyed 224 | . 24 8 119 52 21 Melee . | . . . . . . Projectile . | . . . . . . AOE 224 | . 24 8 119 52 21 Terrain Rammed . | . . . . . . Walls Destroyed . | . . . . . . Machines Disabled . | . . . . . . Actions | -11 -10 -10 -9 -9 -9 --------- Run | Scr Mat Min Mat Min Exi Total 2965 | 6 621 699 829 237 573 Wait 112 | . 15 10 59 1 27 Move 2502 | . 495 682 643 212 470 Hop . | . . . . . . Pick Up 37 | . 11 3 14 . 9 Fast Attach 7 | . 2 . 4 1 . Attach 18 | 2 1 . 2 3 10 Detach . | . . . . . . Swap 49 | . 16 2 24 4 3 Drop 42 | 4 10 . 18 . 10 Fire 198 | . 71 2 65 16 44 Melee . | . . . . . . Ram . | . . . . . . Kick . | . . . . . . Crush . | . . . . . . Escape Stasis . | . . . . . . Rewire . | . . . . . . Trap . | . . . . . . Miscellaneous . | . . . . . . Route ------- -11/Scrapyard -10/Materials (discovered 4 exits: *Mat x2 / *Min x2) -10/Mines (discovered 2 exits: *Mat x2) -9/Materials -9/Mines -9/Exiles (discovered 1 exit: [*Min]) History --------- Turn | Location | Event 6 | -11/Scrapyard | Discovered new exit (range 0) 6 | -11/Scrapyard | Entered Materials 248 | -10/Materials | Discovered new exit (range 12) 318 | -10/Materials | Build established: Mutant 345 | -10/Materials | Discovered new exit (range 15) 561 | -10/Materials | Identified exit to Mines 765 | -10/Materials | Discovered new exit (range 13) 1056 | -10/Materials | Entered Mines 1075 | -10/Mines | Met a Derelict bent on vengeance 1096 | -10/Mines | Learned location of Zion (-7) 1300 | -10/Mines | Discovered new exit (range 13) 1342 | -10/Mines | Central database locked down 1397 | -10/Mines | Found a hidden stash of uninstalled traps 1491 | -10/Mines | Discovered new exit (range 6) 1494 | -10/Mines | Learned Materials security intel 2169 | -10/Mines | Entered Materials 2169 | -9/Materials | Evolved 2 slots: Utility x2 3087 | -9/Materials | Repaired Med. Armor Plating 3300 | -9/Materials | Identified exit to Mines 3483 | -9/Materials | Destroyed 8 combat bots 3748 | -9/Materials | Entered Mines 3749 | -9/Mines | Assembled infested the area 3823 | -9/Mines | Lost 4 parts (1p2u1w) 4230 | -9/Mines | Deemed a non-threat by the Exiles lab entrance 4230 | -9/Mines | Discovered new exit (range 5) 4239 | -9/Mines | Entered Exiles 4298 | -9/Exiles | Met 8R-AWN 4416 | -9/Exiles | Met EX-HEX 4505 | -9/Exiles | Met EX-DEC 4648 | -9/Exiles | Discovered new exit (range 12) 5010 | -9/Exiles | Met EX-BIN 5048 | -9/Exiles | Aligned with FarCom system 5050 | -9/Exiles | Given EX-Vault access code 5102 | -9/Exiles | Opened EX-Vault 5156 | -9/Exiles | Warned to stay clear of 0b10 Research branches 5266 | -9/Exiles | Attacked by the Exiles 5368 | -9/Exiles | Core integrity fell below 50% 5458 | -9/Exiles | Core integrity fell below 20% 5478 | -9/Exiles | Destroyed by 8R-AWN with 8R-AWN's Boregun Last Messages --------------- 05407_ Penetrated by HV Slug. 05408_ Destroyed Prototype Protection. 05410_ Penetrated by HV Slug. 05410_ HV Slug penetrates Wall. 05414_ Penetrated by HV Slug. 05414_ HV Slug penetrates Wall. 05419_ Penetrated by HV Slug. 05419_ Critical hit (Destroy). 05419_ Minigun destroyed. 05419_ Penetrated by HV Slug. 05436_ Minigun destroyed. 05436_ Penetrated by HV Slug. 05448_ Critical hit (Destroy). 05448_ Adv. Treads destroyed. 05453_ Penetrated by HV Slug. 05457_ HV Slug penetrates Wall. 05457_ Penetrated by HV Slug. 05470_ Critical hit (Destroy). 05470_ Hvy. Assault Rifle destroyed. 05470_ Penetrated by HV Slug. Map ----- +----------------------------------------------------+ | ?????????????????????????????????????????????????? | | ?????????####????????????????????????????????????? | | ????????## ##??????????????????????????????????? | | ????????# #??????????????????????????????????? | | ????????# < #??????????????????????????????????? | | ????????# ###????????????????????????????????? | | ????????# #????????????????????????????????? | | ????????# !! #?????????????????????????????????? | | ????????## #?????????????????????????????????? | | ?????????# ##????????????????????????????????? | | ?????????## #????????????#######?????????????? | | ??????????# #######??????#!!! "#?????????????? | | ??????????# #""##?????# "#?????????????? | | ??????????## #?????# "#?????????????? | | ???????????##" ##???## ""#?????????????# | | ???????????#"" #####" ""#???????????? | | ???????????#### ##" ""#????????????" | | ??????????????## #"" #??????????????" | | ???????????????#"## ##??#?????????"" | | ???????????????####### # #?????????"" | | ?????????????????????### ##???????? | | ???????????????########" #?????????" | | ???????????????# !!""" " #????????# | | ???????????????# ####???### | | ???????????????# g # "#####X# | | ???????????????# @##### | | ???????????????# !""""" #;#???#"# % | | ???????????????########## #???#### | | ????????????????????????# #??????### | | ????????????????????????# #????????## % | | ????????????????????????# #??????????## % | | ????????????????????????# #???????????## | | ????????????????????????# #????????????##" | | ????????????????????????# #?????????????#"" | | ????????????????????????? ?????????????##" | | ????????????????????????? ?????????????#"" | | ????????????????????????? ?????????????#""" | | ????????????????????????? ????????????#""" | | ????????????????????????? ????????????#""" | | ????????????????????????? ????????????#"" | | ????????????????????????? ????????????#""" | | ??????????????????????????????????????#"" | | ??????????????????????????????????????##"" | | ???????????????????????????????????????#"""" | | ????????????????????????????????????????# | | ????????????????????????????????????????#" | | ????????????????????????????????????????#"""" | | ????????????????????????????????????????#"" | | ?????????????????????????????????????????" | | ?????????????????????????????????????????""" | +----------------------------------------------------+ Best States ------------- Heat Dissipation 28 Energy Generation 12 Energy Capacity 265 Matter Stores 579 Matter Capacity 700 Sight Range 16 Terrain Scan Density 10 Armor Coverage 600 Propulsion Shielding 33 Evasion (%) 40 Recoil Reduction 2 Item Schematics ----------------- Lrg. Storage Unit | -10/Materials | Hacked Robot Schematics ------------------ None Fabricated ------------ Nothing Alien Tech Used ----------------- None Achievements -------------- None Challenges ------------ None Game ------ Seed BladeHardenedClaws Manual? 0 Play Time 00:26:22 Cumulative 454.1 hours Start 2021.11.09 @ 16:59:31 End 2021.11.09 @ 17:25:10 Sessions 1 Manual Loads 0 Difficulty Rogue Special Mode None Game No. 452 Rogue 452 Adventurer 0 Explorer 0 Win Type - Total 9 Types 8/0/0/1/0/0/0/0/0 Lore% 80 Gallery% 93 Achievement% 70 Wizard Run 0 Options --------- ASCII 0 Keyboard 0 Movement Mouse Keybinds 1 Fullscreen 2 Font 24/Smallcaps Map View 76x50 Tactical HUD 1 Map Filters NONE Filters NONE Steam 1 RUN: d478473a-871b-48c6-9b63-af8a186e2d91